[Event "Vener-dì-Lampo"]
[Site "Chess.com"]
[Date "2020.04.24"]
[Round "1"]
[White "SpessoInstabile"]
[Black "mr6701"]
[Result "0-1"]
[WhiteElo "1375"]
[BlackElo "1966"]
[TimeControl "300+2"]
[EndTime "11:37:31 PDT"]
[Termination "mr6701 ha vinto per scaccomatto"]

1. d4 d5 2. c4 e6 3. Nc3 Nf6 4.
Nf3 Be7 5. e3 O-O 6. cxd5 Nxd5 7.
Qc2 b6 8. Be2 Bb7 9. O-O Nd7 10.
Ne1 Rc8 11. Nxd5 Bxd5 12. Bf3 Nf6 13. Bxd5 Nxd5 14. h3 c5 15. Qd3 Nb4 16. Qe4 cxd4 17. exd4 Bf6 18. Nf3 Nc2 19. Rb1 Nxd4 20. Rd1 Nxf3+ 21.
Qxf3 Qe7 22. Bf4 Rc2 23. a3 h6 24. b4 Rd8 25. Rdc1 Ra2 26. Rb3 g5 27. Bh2 Rdd2 28.
Rf1 Bd4 29. Bg3 f5 30. Qa8+ Kg7 31. Bb8 Rxf2 32. Rxf2 Rxf2 33. Kh2 b5 34. Bxa7 Bxa7 35.
Rf3 Rxf3 36. Qxf3 Bb8+ 37. Kg1 Qd6 38. Qc3+ Qe5 39. Qc8 Qe1# 0-1

[Event "Vener-dì-Lampo"]
[Site "Chess.com"]
[Date "2020.04.24"]
[Round "1"]
[White "rob_fio"]
[Black "sirmale49"]
[Result "1-0"]
[WhiteElo "1754"]
[BlackElo "1328"]
[TimeControl "300+2"]
[EndTime "11:40:18 PDT"]
[Termination "rob_fio ha vinto per tempo"]

1. d4 d5 2. e3 Nc6 3. Bd3 Nf6 4.
f4 e6 5. Nf3 Ne4 6. Nbd2 f5 7. c3 Ne7 8. O-O Ng6 9. Ne5 Nxe5 10. fxe5 Qg5 11. Nf3 Qg6 12. Bd2 Nxd2 13. Qxd2 Bd7 14.
Qf2 O-O-O 15. b4 a6 16. Qe2 b5 17. a4 Qe8 18. axb5 Bxb5 19. Bxb5 Qxb5 20. Qxb5 axb5 21.
Ng5 Re8 22. Nf7 Rg8 23. Ra8+ Kd7 24. Ra7 Re7 25. Ng5 h6 26. Nh3 g5 27. Rfa1 Kc6 28.
Nf2 Kd7 29. Nd3 Re8 30. Nc5+ Bxc5 31. bxc5 Rc8 32. R1a5 Rb8 33. Ra3 b4 34. cxb4 Rxb4 35. h3 Rgb8 36. Ra8 f4 37. Rxb8 Rxb8 38. exf4 gxf4 39. Kf2 Rb2+ 40. Kf3 Rb4 41. Rd3 Rb8 42. Kxf4 Rf8+ 43. Kg3 Rg8+ 44. Kh2 Kc6 45. g4 Kb5 46. Kg3 Kc4 47. Rd1 Kc3 48. Kh4 Kc2 49. Rf1 Kd3 50. Rf4 1-0

[Event "Vener-dì-Lampo"]
[Site "Chess.com"]
[Date "2020.04.24"]
[Round "1"]
[White "SanSecondoPR"]
[Black "BAKR1980"]
[Result "0-1"]
[WhiteElo "1288"]
[BlackElo "1602"]
[TimeControl "300+2"]
[EndTime "11:40:40 PDT"]
[Termination "BAKR1980 ha vinto per tempo"]

1. e4 e5 2. d4 d5 3. dxe5 d4 4. Bc4 Nc6 5. c3 Nxe5 6. Bb3 d3 7. Bf4 Ng6 8. Qf3 Nxf4 9. Qxf4 Qd7 10. Nd2 Bd6 11.
e5 Qe7 12. Ngf3 Bd7 13. O-O Bc5 14. Rfe1 Be6 15. Qa4+ Qd7 16. Qe4 O-O-O 17. Ng5 h6 18. Nxe6 fxe6 19. Rad1 Ne7 20. Nc4 Rhf8 21. Ne3 Kb8 22.
Qc4 Bxe3 23. Rxe3 Nd5 24. Rexd3 Qf7 25. Rf3 Qh5 26. Qe4 c6 27. Rxf8 Rxf8 28. c4 Nf4 29. f3 Qg5 30. Qc2 a6 0-1

[Event "Vener-dì-Lampo"]
[Site "Chess.com"]
[Date "2020.04.24"]
[Round "1"]
[White "pedrak"]
[Black "Mrtre7"]
[Result "1-0"]
[WhiteElo "1994"]
[BlackElo "1440"]
[TimeControl "300+2"]
[EndTime "11:44:16 PDT"]
[Termination "pedrak ha vinto per abbandono"]

1. d4 d5 2. Nf3 Nf6 3. Bf4 c6 4. c3 Bf5 5. e3 e6 6. Nbd2 c5 7.
Be2 Nc6 8. O-O Bd6 9. Bg3 O-O 10. Ne5 Rc8 11. f4 cxd4 12. exd4 Ne4 13. Bf3 Nxg3 14. hxg3 Nxe5 15. fxe5 Be7 16. Qe2 f6 17. exf6 Rxf6 18. Rae1 Qc7 19. Qe5 Qxe5 20. dxe5 Rg6 21. Bxd5 Rd8 22. c4 exd5 23. Rxf5 Bb4 24. Re2 Rxg3 25. b3 dxc4 26. Nxc4 Rc3 27. e6 Re8 28. Kf2 b5 29. Nb2 Bc5+ 30. Ke1 Rg3 31. Kd1 Rg6 32. Rfe5 Bd6 33.
R5e4 Rf6 34. Nd3 g6 35. Kc2 Kg7 36. Kb2 Rf5 37. a3 Kf6 38. g4 Rf3 39. Nb4 Bxb4 40.
axb4 h5 41. gxh5 gxh5 42. Re5 Rf5 43. R5e4 Kg5 44. Kc3 h4 45. Rg2+ Kh5 46. Rg7 Rf3+ 47. Kd4 Rf1 48. Kc5 Rb1 49. Rh7+ Kg5 50. Rhxh4 Rxb3 51. Kxb5 Rd3 52. Rhg4+ Kf5 53. Rgf4+ Kg5 54. Rf7 Rd6 55. Rxa7 Rdxe6 56. Rxe6 Rxe6 57. Rf7 Kg6 58. Rf1 Kg5 59. Kc5 Re2 60. b5 Rc2+ 61. Kb6 Rb2 62. Kc6 Rc2+ 63. Kb7 Rb2 64. b6 Rb5 65. Kc7 Rc5+ 66.
Kb8 Rb5 67. b7 Rc5 68. Ra1 Kf6 69. Ka7 Rc7 70. Ka8 Ke7 71. b8=Q Rd7 72. Re1+ Kf7 73.
Qe8+ Kf6 74. Qxd7 1-0

[Event "Vener-dì-Lampo"]
[Site "Chess.com"]
[Date "2020.04.24"]
[Round "2"]
[White "mr6701"]
[Black "ottovolante"]
[Result "1-0"]
[WhiteElo "1966"]
[BlackElo "1159"]
[TimeControl "300+2"]
[EndTime "11:49:53 PDT"]
[Termination "mr6701 ha vinto per abbandono"]

1. e4 Nc6 2. d4 e6 3. Nf3 d6 4. Nc3 Bd7 5. Bc4 h6 6. O-O Be7 7. d5 Ne5 8. dxe6 Nxf3+ 9. Qxf3 Bxe6 10. Bxe6 fxe6 11. Qh5+ Kd7 12. Bf4 Qe8 13. Qh3 c6 14. Rad1 Qf7 15. Bxd6 Bxd6 16. e5 Kc7 17. Rxd6 Kb6 18.
Na4+ Kc7 19. Nc5 Ne7 20. Nxe6+ Kb6 21. Qb3+ Ka6 22. Nc7+ Ka5 23. Qxf7 1-0

[Event "Vener-dì-Lampo"]
[Site "Chess.com"]
[Date "2020.04.24"]
[Round "2"]
[White "rob_fio"]
[Black "pedrak"]
[Result "0-1"]
[WhiteElo "1751"]
[BlackElo "1999"]
[TimeControl "300+2"]
[EndTime "11:50:38 PDT"]
[Termination "pedrak ha vinto per scaccomatto"]

1. d4 d5 2. e3 Bf5 3. Bd3 Bxd3 4.
Qxd3 c6 5. f4 e6 6. Nf3 Bd6 7. O-O Nf6 8. Nbd2 O-O 9. c3 Nbd7 10.
Ne5 Qc7 11. Qe2 Ne4 12. Nxe4 dxe4 13. Bd2 f6 14. Ng4 c5 15. Qf2 cxd4 16. exd4 f5 17. Ne3 Nf6 18. b3 Rac8 19. Rac1 Qe7 20. Nc4 Bb8 21.
Ne5 Bxe5 22. fxe5 Nd5 23. c4 Nb6 24. a3 Rf7 25. Bf4 h6 26. a4 Nd7 27. Qg3 Kh7 28. h4 Rg8 29. h5 g5 30. hxg6+ Rxg6 31. Qe3 Rfg7 32. Rc2 Qh4 33. Rff2 Rg4 34. Kf1 Qh1+ 35. Ke2 Rxg2 36. Kd2 Rxf2+ 37. Kc3 Rxc2+ 38. Kxc2 Rg2+ 39. Kc3 Qa1+ 40. Kb4 Qg1 41. Qh3 Qe1+ 42. Kb5 a6# 0-1

[Event "Vener-dì-Lampo"]
[Site "Chess.com"]
[Date "2020.04.24"]
[Round "2"]
[White "BAKR1980"]
[Black "Mrtre7"]
[Result "1-0"]
[WhiteElo "1607"]
[BlackElo "1435"]
[TimeControl "300+2"]
[EndTime "11:51:50 PDT"]
[Termination "BAKR1980 ha vinto per abbandono"]

1. e4 c5 2. Nf3 e6 3. d4 cxd4 4.
Nxd4 Nc6 5. Nc3 a6 6. Be3 Qc7 7. f4 Bb4 8. Qd2 Nf6 9. Bd3 d5 10. exd5 Nxd5 11. O-O Bxc3 12. bxc3 O-O 13. Nxc6 Qxc6 14. c4 Nxe3 15. Qxe3 b6 16. Be4 Qxc4 17.
Bxa8 Bd7 18. Be4 Rc8 19. Bd3 Qd5 20. Rad1 Qa5 21. Qh3 g6 22. Bxg6 hxg6 23. Rxd7 Qb5 24. Rfd1 Qc5+ 25. Kh1 Qxc2 26. Rd8+ Rxd8 27. Rxd8+ 1-0

[Event "Vener-dì-Lampo"]
[Site "Chess.com"]
[Date "2020.04.24"]
[Round "2"]
[White "sirmale49"]
[Black "SpessoInstabile"]
[Result "1-0"]
[WhiteElo "1337"]
[BlackElo "1366"]
[TimeControl "300+2"]
[EndTime "11:53:59 PDT"]
[Termination "sirmale49 ha vinto per scaccomatto"]

1. f4 c5 2. Nf3 e6 3. e4 a6 4. g3 b5 5. Bg2 Bb7 6. d3 Qc7 7. O-O d6 8. Nc3 Nd7 9. b3 h6 10. Be3 Ngf6 11. h3 Be7 12. g4 g6 13.
Re1 O-O-O 14. a4 b4 15. Ne2 e5 16. c3 bxc3 17. Nxc3 exf4 18. Bxf4 g5 19. Be3 Nh7 20. Rc1 Kb8 21. d4 cxd4 22. Qxd4 Bf6 23. Qa7+ Kc8 24. Nd5 Qxc1 25. Rxc1+ Nc5 26. Rxc5+ dxc5 27. Qxc5+ Kb8 28. Qa7+ Kc8 29. Nb6+ Kc7 30. Nd5+ Kc8 31. Qc5+ Kb8 32. Nb6 Rd1+ 33. Kh2 Rhd8 34. e5 Bh8 35. Nd4 Bxg2 36. Kxg2 R8xd4 37. Bxd4 Rd2+ 38. Kf3 Rd3+ 39. Ke4 Rxb3 40.
Qc8+ Ka7 41. Qa8# 1-0

[Event "Vener-dì-Lampo"]
[Site "Chess.com"]
[Date "2020.04.24"]
[Round "3"]
[White "ottovolante"]
[Black "sirmale49"]
[Result "0-1"]
[WhiteElo "1155"]
[BlackElo "1341"]
[TimeControl "300+2"]
[EndTime "12:02:26 PDT"]
[Termination "sirmale49 ha vinto per scaccomatto"]

1. d4 d5 2. Nf3 Nc6 3. Nc3 Bf5 4. h3 Nb4 5. Kd2 Nxc2 6. Rb1 Nb4 7. Ra1 Nf6 8. a3 Nc6 9. e3 Ne4+ 10. Nxe4 Bxe4 11. Bd3 Bxd3 12. Kxd3 Qd6 13. Ke2 O-O-O 14. Bd2 e5 15. Kf1 exd4 16. Nxd4 Nxd4 17. exd4 Be7 18. Bb4 Qe6 19.
Bxe7 Qxe7 20. Rc1 Rhe8 21. Qc2 Rd6 22. Kg1 Re6 23. Kh2 Qd6+ 24. g3 Re2 25. Qd3 Rxf2+ 26. Kg1 Ree2 27. Rf1 Rg2# 0-1

[Event "Vener-dì-Lampo"]
[Site "Chess.com"]
[Date "2020.04.24"]
[Round "3"]
[White "mr6701"]
[Black "rob_fio"]
[Result "1-0"]
[WhiteElo "1970"]
[BlackElo "1747"]
[TimeControl "300+2"]
[EndTime "12:04:19 PDT"]
[Termination "mr6701 ha vinto per abbandono"]

1. e4 d6 2. d4 Nf6 3. Nc3 Nbd7 4. Nf3 e5 5. d5 c6 6. Bc4 c5 7. O-O a6 8. a4 h6 9. Re1 Be7 10. h3 Qc7 11. Nh4 Nf8 12. Nf5 Bxf5 13. exf5 N8h7 14. f4 O-O 15. fxe5 dxe5 16. Be3 Bd6 17. Qe2 Rfe8 18. Qf2 Rab8 19. Qh4 Qe7 20. Qf2 Kh8 21. b3 Ng8 22. Rad1 Qf6 23. Ne4 Qe7 24. Nxd6 Qxd6 25. Bxc5 Qd8 26. d6 Qd7 27. Ba3 Ngf6 28. Rd3 b5 29. Bd5 Nxd5 30. Rxd5 Nf6 31. Rdxe5 Rxe5 32. Rxe5 Re8 33. Rxe8+ Qxe8 34. axb5 axb5 35. c4 Qd7 36. c5 Qc6 37. Qf3 Nd5 38. b4 Kg8 39.
f6 g6 40. Qe4 Kh7 41. Bc1 Qb7 42. h4 h5 43. Bd2 Kg8 44. Qe8+ Kh7 45. Be1 Nxf6 46.
Qd8 Qd5 47. Qxf6 Qd1 48. Qxf7+ Kh8 49. Qf2 Qd5 50. Qd2 Qa8 51. Qh6+ Kg8 52. Qxg6+ Kf8 53. Bc3 Qb7 54. Qg7+ Qxg7 55. Bxg7+ Ke8 56. Kf2 Kd7 57. Ke3 Kc6 58. Kf4 Kd7 59. Kg5 Ke6 60. Kxh5 Kd7 61. Kg6 Kc6 62. h5 Kd7 63. h6 Kc6 64. h7 1-0

[Event "Vener-dì-Lampo"]
[Site "Chess.com"]
[Date "2020.04.24"]
[Round "3"]
[White "pedrak"]
[Black "BAKR1980"]
[Result "1-0"]
[WhiteElo "2001"]
[BlackElo "1605"]
[TimeControl "300+2"]
[EndTime "12:04:49 PDT"]
[Termination "pedrak ha vinto per abbandono"]

1. d4 Nf6 2. Nf3 d5 3. Bf4 Bg4 4. Nbd2 e6 5. c3 g6 6. Qb3 b6 7.
e3 Bg7 8. Ne5 O-O 9. Nxg4 Nxg4 10.
Be2 Nh6 11. O-O Nd7 12. Nf3 c5 13. Rfe1 c4 14. Qc2 Nf6 15. Ne5 a6 16. Bf3 Nd7 17. Nxd7 Qxd7 18. e4 b5 19. Qd2 dxe4 20. Bxe4 Nf5 21. Bxa8 Rxa8 22. Be5 f6 23. Bf4 e5 24. Be3 exd4 25. Bxd4 Rd8 26. Rad1 b4 27. Be3 Qxd2 28. Rxd2 Re8 29. cxb4 Nh6 30. Red1 f5 31.
Bd4 Bxd4 32. Rxd4 Kf7 33. h3 Ng8 34. Rxc4 Nf6 35. f3 Re7 36. a4 Nh5 37. Kf2 Ng7 38. Rd2 Ne6 39. Re2 Rd7 40. Rc6 Nd4 41. Rxa6 Nxe2 42. Kxe2 Rd4 43. Rb6 Rc4 44. Kd3 Rc1 45. a5 Rb1 46. Kc2 Ra1 47. a6 g5 48. Rb7+ Kg6 49. a7 Kh5 50. Rxh7+ Kg6 51. Rd7 Kh5 52.
b5 g4 53. hxg4+ fxg4 54. fxg4+ Kxg4 55. b6 Ra6 56. Rb7 Kg3 57. Rb8 Kh2 58. a8=Q Rxa8 59.
Rxa8 Kg1 60. b7 1-0

[Event "Vener-dì-Lampo"]
[Site "Chess.com"]
[Date "2020.04.24"]
[Round "3"]
[White "Mrtre7"]
[Black "SanSecondoPR"]
[Result "1-0"]
[WhiteElo "1440"]
[BlackElo "1283"]
[TimeControl "300+2"]
[EndTime "12:06:32 PDT"]
[Termination "Mrtre7 ha vinto per tempo"]

1. d4 d5 2. c4 e5 3. dxe5 d4 4. Nf3 Nc6 5. Nbd2 Bg4 6. h3 Bh5 7. g4 Bg6 8. Nb3 Be4 9. Bg2 Nge7 10. O-O h5 11. Nfxd4 Bxg2 12. Kxg2 hxg4 13. hxg4 Nxe5 14. f3 N7g6 15. Qc2 Qh4 16. Rg1 Qh3+ 17. Kf2 Be7 18. Nf5 Qh2+ 19. Rg2 Bh4+ 20. Nxh4 Qxh4+ 21. Kf1 O-O-O 22.
Qf5+ Kb8 23. Bg5 Qh1+ 24. Rg1 Qh3+ 25. Kf2 f6 26. Bf4 Nxf4 27. Qxf4 g5 28. Qxf6 Qh4+ 29.
Kf1 Qh2 30. Nc5 Ka8 31. Ne4 Qh3+ 32. Kf2 Qh4+ 33. Rg3 Qh2+ 34. Rg2 1-0

[Event "Vener-dì-Lampo"]
[Site "Chess.com"]
[Date "2020.04.24"]
[Round "4"]
[White "SanSecondoPR"]
[Black "rob_fio"]
[Result "0-1"]
[WhiteElo "1282"]
[BlackElo "1748"]
[TimeControl "300+2"]
[EndTime "12:15:08 PDT"]
[Termination "rob_fio ha vinto per abbandono"]

1. e4 d6 2. d4 Nf6 3. Nc3 Nbd7 4. Bb5 c6 5. Bc4 e5 6. Nf3 h6 7. O-O Qc7 8. d5 c5 9. Nb5 Qb8 10. a4 a6 11. Na3 Be7 12. b3 g5 13. Nd2 Nf8 14.
Qe1 Ng6 15. Bb2 Rg8 16. c3 Kf8 17. Nc2 Bd7 18. Ne3 Qc8 19. Be2 Rb8 20. Bc1 Nf4 21. Nf5 Bxf5 22. exf5 Qxf5 23. Bf3 g4 24. Be4 Nxe4 25. Nxe4 h5 26. Bxf4 Qxf4 27. Rd1 h4 28. Rd3 f5 29. g3 Qxe4 30. f3 Qxd3 31. fxg4 Ke8 32. Rxf5 Rf8 33. Qf2 Rxf5 34. gxf5 Bg5 35.
Qf1 hxg3 36. Qg2 Qxf5 37. hxg3 Be3+ 38. Kh1 Qh5+ 0-1

[Event "Vener-dì-Lampo"]
[Site "Chess.com"]
[Date "2020.04.24"]
[Round "4"]
[White "BAKR1980"]
[Black "sirmale49"]
[Result "1-0"]
[WhiteElo "1608"]
[BlackElo "1338"]
[TimeControl "300+2"]
[EndTime "12:15:34 PDT"]
[Termination "BAKR1980 ha vinto per tempo"]

1. e4 e5 2. Nf3 Nc6 3. Bc4 Nd4 4. Nxe5 Qg5 5. Bxf7+ Ke7 6. O-O Qxe5 7. Bxg8 Rxg8 8. c3 Ne6 9. d4 Qf6 10. e5 Qf5 11. d5 Nf4 12. Qf3 g5 13. d6+ Ke6 14. Rd1 c6 15. c4 Qxe5 16. Nc3 Bxd6 17. Bxf4 Qxf4 18. Re1+ Be5 19. Qh5 Rg7 20. Re3 Qh4 21. Qe8+ 1-0

[Event "Vener-dì-Lampo"]
[Site "Chess.com"]
[Date "2020.04.24"]
[Round "4"]
[White "SpessoInstabile"]
[Black "Mrtre7"]
[Result "0-1"]
[WhiteElo "1360"]
[BlackElo "1446"]
[TimeControl "300+2"]
[EndTime "12:17:30 PDT"]
[Termination "Mrtre7 ha vinto per scaccomatto"]

1. d4 d5 2. c4 dxc4 3. Nc3 Nf6 4. Nf3 Bf5 5. e3 c6 6. Bxc4 e6 7. O-O Be7 8. a3 a5 9. Be2 Nbd7 10. b3 O-O 11. Bb2 Nb6 12. h3 c5 13. Re1 cxd4 14.
Nxd4 Bg6 15. Bd3 Rc8 16. Bxg6 hxg6 17. Rc1 Nbd5 18. Nxd5 Qxd5 19. Nf3 Rxc1 20. Qxc1 Qxb3 21. Re2 Rd8 22. Rc2 Qd3 23. Nd4 Ne4 24. Kh2 Nc5 25.
Rd2 Qe4 26. Qc3 Na4 27. Qb3 Nxb2 28. Qxb2 Bf6 29. Qa2 Qe5+ 30. f4 Qc5 31. Nf3 Rxd2 32. Qxd2 Qxa3 33. Qd7 b5 34. Qc8+ Kh7 35. Qa6 b4 36. Qb5 b3 37. Nd2 a4 38. Kg3 Qc1 39. Qb4 b2 40. Nb3 b1=Q 41. Qxa4 Qc3 42. Nd4 Bxd4 43. Qd7 Qxe3+ 44. Kg4 Qd1+ 45. Kh4 Qf2+ 46.
g3 Qdg1 47. Qxf7 Qfxg3# 0-1

[Event "Vener-dì-Lampo"]
[Site "Chess.com"]
[Date "2020.04.24"]
[Round "4"]
[White "pedrak"]
[Black "mr6701"]
[Result "0-1"]
[WhiteElo "1987"]
[BlackElo "1979"]
[TimeControl "300+2"]
[EndTime "12:20:43 PDT"]
[Termination "mr6701 ha vinto per abbandono"]

1. d4 d5 2. Nf3 e6 3. Bf4 Nf6 4. e3 Bd6 5. Bg3 Ne4 6. Nbd2 f5 7. Bd3 O-O 8. Ne5 c5 9. c3 Nc6 10. f4 cxd4 11. exd4 Bd7 12. O-O Nxg3 13. hxg3 Nxe5 14. fxe5 Be7 15. Nf3 a6 16. Qe2 Rc8 17. Rae1 Qe8 18.
Nh2 g5 19. g4 f4 20. Nf3 h6 21. Kf2 Kg7 22. Rh1 Rh8 23. Rh3 Qf8 24. Reh1 Be8 25. Bb1 Bg6 26. Bxg6 Kxg6 27. Qd3+ Kg7 28. Rh5 Qf7 29.
Nd2 Qg6 30. Qxg6+ Kxg6 31. Kf3 b5 32. a3 a5 33. Rc1 b4 34. axb4 axb4 35. Rhh1 bxc3 36.
bxc3 Ba3 37. Rc2 Rc7 38. Ra1 Be7 39. Ra6 Kf7 40. c4 Rhc8 41. c5 Rb8 42. Rca2 Rbb7 43. Ke2 Rb4 44. Kd3 Bf8 45. Kc3 Rbb7 46. Nb3 h5 47. gxh5 g4 48. Na5 Rb1 49. Nc6 Rf1 50. Nd8+ Ke7 51. Nxe6 Rb7 52. Nxf8 Kxf8 53. Rf6+ Kg7 54. c6 Rc7 55. h6+ Kh7 56. Rd6 Rc1+ 57. Kd2 R1xc6 58. Rxc6 Rxc6 59. Rc2 Rxh6 60. Rc7+ Kg8 61. Ke2 Ra6 62. Rc2 Kf7 63. Kf2 Ke6 64.
Rd2 Kf5 65. Re2 g3+ 66. Ke1 Ra1+ 67. Kd2 f3 68. gxf3 g2 69. Rxg2 Ra2+ 70. Kc3 Rxg2 71. Kb4 Ke6 72. Kc5 Rf2 73. f4 Rxf4 0-1